 Dungeon Crawl Stone Soup version 0.30-a0-778-g2ef04afb54 (webtiles) character file.

Game seed: 8412119064366072835

57854 DEFE the Brawler (level 14, -22/108 HPs)
             Began as a Demonspawn Wanderer on Feb 16, 2023.
             Was an Initiate of Gozag.
             Annihilated by an enormous slime creature (50 damage)
             ... on level 12 of the Dungeon.
             The game lasted 00:22:05 (19269 turns).

DEFE the Brawler (Demonspawn Wanderer)             Turns: 19269, Time: 00:22:05

Health: -22/108    AC: 21    Str: 23    XL:     14   Next: 47%
Magic:  0/15       EV: 14    Int: 14    God:    Gozag
Gold:   4638       SH:  5    Dex: 13    Spells: 14/15 levels left

rFire   . . .      SeeInvis .      - Unarmed
rCold   . . .      Faith    .    (no shield)
rNeg    + . .      Spirit   +    c - +0 swamp dragon scales
rPois   +          Reflect  +    (no helmet)
rElec   .          Harm     .    t - +0 cloak
rCorr   .          Rampage  .    (gloves unavailable)
Will    +....                    v - +1 pair of boots of Noon {rN+}
Stlth   +                        O - amulet of reflection
HPRegen 0.38/turn                g - +6 ring of strength
MPRegen 0.28/turn                y - +4 ring of protection

@: no status effects
A: icy blue scales 2, powered by death 2, magic shield, magic regeneration,
demonic touch 3
a: Renounce Religion, Potion Petition, Call Merchant, Bribe Branch


You were on level 12 of the Dungeon.
You worshipped Gozag.
Gozag was most pleased with you.
You visited 2 branches of the dungeon, and saw 17 of its levels.
You also visited: Gauntlet.

You collected 5122 gold pieces.
You paid 484 gold pieces to Gozag.

Inventory:

Hand Weapons
 f - a +2 short sword of flaming
Missiles
 L - 2 throwing nets
Armour
 a - a +0 plate armour
 c - +0 swamp dragon scales (worn)
 d - a +0 chain mail
 t - a +0 cloak (worn)
 v - the +1 pair of boots of Noon (worn) {rN+}
   (You found it in a Gauntlet)

   rN:        It protects you from negative energy.
 E - the +3 hat of Pondering {ponderous, Will+ MP+10 Int+5}
   (You took it off Gastronok on level 2 of the Lair of Beasts)

   Int:       It affects your intelligence (+5).
   MP:        It affects your magic capacity (+10).
   Will:      It increases your willpower.
 H - the +7 plate armour of Depression {-Tele rF+ rN++ Stlth+}
   (You took it off a minotaur in a Gauntlet)

   rF:        It protects you from fire.
   rN:        It greatly protects you from negative energy.
   -Tele:     It prevents most forms of teleportation.
   Stlth:     It makes you more stealthy.
 S - a +1 pair of boots
Jewellery
 g - a +6 ring of strength (left hand)
 h - a +6 ring of dexterity
 p - a +6 ring of dexterity
 s - a +6 ring of strength
 y - a +4 ring of protection (right hand)
 z - a ring of willpower
 D - a ring of resist corrosion
 O - an amulet of reflection (around neck)
 R - a ring of ice
 V - a ring of protection from fire
 W - a ring of wizardry
Wands
 w - a wand of flame (13)
 x - a wand of digging (7)
 U - a wand of polymorph (2)
 X - a wand of roots (2)
Scrolls
 b - 4 scrolls of vulnerability
 e - 5 scrolls of enchant weapon
 k - 4 scrolls of amnesia
 m - 3 scrolls of fear
 n - 4 scrolls of silence
 o - 11 scrolls of teleportation
 A - 5 scrolls of poison
 B - 2 scrolls of immolation
 J - 2 scrolls of magic mapping
 K - a scroll of fog
 M - 2 scrolls of summoning
 N - a scroll of enchant armour
 P - 3 scrolls of brand weapon
 Y - 2 scrolls of identify
Potions
 i - 8 potions of curing
 j - a potion of lignification
 l - 7 potions of attraction
 q - 4 potions of flight
 r - 2 potions of mutation {unknown}
 u - 2 potions of degeneration {unknown}
 C - 2 potions of ambrosia {unknown}
 F - a potion of magic {unknown}
 G - 2 potions of cancellation {unknown}
 Q - 2 potions of haste {unknown}
 T - a potion of might
Miscellaneous
 I - a condenser vane (inert)
 Z - a lightning rod (4/4)


   Skills:
 + Level 9.4 Fighting
 - Level 1.8 Axes
 - Level 1.0 Throwing
 - Level 10.0 Armour
 + Level 7.4 Dodging
 - Level 1.0 Stealth
 + Level 15.7 Unarmed Combat
 - Level 1.0 Spellcasting
 - Level 2.6 Transmutations
 + Level 11.0 Evocations


You had 14 spell levels left.
You knew the following spells:

 Your Spells              Type           Power      Damage    Failure   Level
a - Beastly Appendage     Tmut           16%        N/A       13%         1

Your spell library contained the following spells:

 Spells                   Type           Power      Damage    Failure   Level
 Wereblood                Tmut           8%         N/A       19%         2
 Passwall                 Tmut/Erth      3%         N/A       32%         2
 Slow                     Hex            0%         N/A       36%         1
 Summon Small Mammal      Summ           0%         N/A       36%         1
 Ensorcelled Hibernation  Hex/Ice        0%         N/A       50%         2
 Lesser Beckoning         Tloc           0%         N/A       50%         2
 Spider Form              Tmut/Pois      4%         N/A       54%         3
 Ignite Poison            Fire/Tmut/Pois 3%         N/A       63%         3
 Call Canine Familiar     Summ           0%         N/A       75%         3
 Confusing Touch          Hex            0%         N/A       75%         3
 Dazzling Flash           Conj/Hex       0%         N/A       75%         3
 Inner Flame              Hex/Fire       0%         N/A       75%         3
 Kindle Blastsparks       Fire/Tloc/Air  0%         2d10      75%         3
 Portal Projectile        Hex/Tloc       0%         N/A       75%         3
 Summon Guardian Golem    Hex/Summ       0%         N/A       75%         3
 Swiftness                Air            0%         N/A       75%         3
 Tukima's Dance           Hex            0%         N/A       75%         3
 Vampiric Draining        Necr           0%         2d6       75%         3
 Flame Wave               Conj/Fire      0%         2d4       98%         4
 Fulminant Prism          Conj/Hex       0%         3d5       98%         4
 Iskenderun's Mystic Bla  Conj/Tloc      0%         2d3       98%         4
 Leda's Liquefaction      Hex/Erth       0%         N/A       98%         4
 Passage of Golubria      Tloc           0%         N/A       98%         4
 Sticky Flame             Conj/Fire      0%         2d3       98%         4
 Yara's Violent Unravell  Hex/Tmut       2%         3d3       99%         5
 Lee's Rapid Deconstruct  Erth           0%         3d4*      100%        5
 Starburst                Conj/Fire      0%         6d3       100%        6
 Chain Lightning          Conj/Air       0%         N/A       100%        9


Dungeon Overview and Level Annotations

Branches:
Dungeon (12/15)            Temple (0/1) D:6            Lair (5/5) D:9
  Swamp (0/4) Lair:3        Snake (0/4) Lair:2          Orc (0/2) D:11
Gauntlet (visited)
  Slime: Lair:4-5

Altars:
Cheibriados
Gozag
Makhleb
Nemelex Xobeh
Okawaru
Sif Muna
Uskayaw
Wu Jian
Yredelemnul
Lugonu

Shops:
D:1 =[   D:2 (   D:10 *

Portals:
Hell: Lair:5
Abyss: D:3
Trove: D:10 (give horn of Geryon)

Annotations:
D:7 1 runed translucent door, Crazy Yiuf
D:9 4 runed translucent doors, Zigma's ghost, journeyman OpSu
Lair:5 exclusion: oklob plant


Innate Abilities, Weirdness & Mutations

You are mostly covered in icy blue scales. (AC +3)
You regenerate health from kills.
When hurt, damage is shared between your health and your magic reserves.
You regenerate magic rapidly.
Your touch may irresistibly damage your foes and sap their willpower.


Message History

You pummel the large slime creature!! You pummel the large slime creature!!
You touch the large slime creature!
You sap its willpower!
Two slime creatures merge to form a very large slime creature.
You pummel the very large slime creature!!
The slime creature hits you! The slime creature closely misses you.
You hit the very large slime creature.
You hit the very large slime creature but do no damage.
The slime creature closely misses you. The very large slime creature hits you!
The slime creature closely misses you.
Two slime creatures merge to form an enormous slime creature.
You punch the enormous slime creature! x2
The slime creature hits you but does no damage.
The slime creature hits you.
You pummel the enormous slime creature!!
You touch the enormous slime creature.
You sap its willpower!
The slime creature hits you! The slime creature closely misses you.
You pummel the enormous slime creature!!
You touch the enormous slime creature!
You sap its willpower!
You hit the enormous slime creature. The slime creature barely misses you.
The enormous slime creature hits you!!! The slime creature hits you!
* * * LOW HITPOINT WARNING * * *
You are too injured to fight recklessly!
You are too injured to fight recklessly!
You are too injured to fight recklessly!
You are too injured to fight recklessly!
You are too injured to fight recklessly!
You are too injured to fight recklessly!
You are too injured to fight recklessly!
You are too injured to fight recklessly!
You take 81 damage, and have 27/108 hp.
MASSIVE DAMAGE!!
You now have 4/15 mp.
Unknown command.
Unknown command.
You pummel the enormous slime creature!!
The slime creature hits you but does no damage.
The enormous slime creature hits you!!!
You die...
Your body crumbles into a pile of gold.

...........................#.....
..........................)#.....
...........................#'###.
...............................#.
###########...........[........#.
*,,,,,,,,,#...#######....#####.#.
,,,,,,,,,,#...'.....####.#...#.#.
,,,,,,,,,,+...#........#.#...#.#.
,,,,,,,,,,#...#.@J.....#.#...#.#.
,,,,,,,,,,#...#.JJ.....#.#...#.#.
****,*,***#...#........#.#'###.#.
,,,***+*,,....+........#.......#.
,,,,,+∩+,.^...#........#.......#.
,,,,,*+*......#........#.......#.
,,,,,,,,,,,,,,#........#.......##
,,,,,,,,,,,,,,#........#.........
,,,,,,,,,,,,,,*****+*###.........


You could see an enormous slime creature (weak-willed) and 2 slime creatures.

Vanquished Creatures
  Gastronok (Lair:2)
  A minotaur (Gauntlet)
  An entropy weaver (Gauntlet)
  8 hydras
  Erolcha (D:10)
  4 boulder beetles
  A catoblepas (Lair:5)
  3 two-headed ogres
  11 death yaks
  2 fire crabs
  2 bog bodies (Lair:3)
  A wizard (Lair:5)
  Pikel (D:6)
  A deep elf pyromancer (D:8)
  A wolf spider (Gauntlet)
  An ugly thing (D:12)
  A cyclops (D:12)
  A manticore (D:12)
  3 elephants (Lair:5)
  6 torpor snails
  An unseen horror (D:11)
  Maggie (D:6)
  A gargoyle (Gauntlet)
  2 orange demons (Lair:5)
  5 cane toads
  3 rime drakes
  9 komodo dragons
  4 ice devils
  A freezing wraith (D:12)
  2 polar bears
  4 trolls
  A hellwing (Lair:5)
  6 blink frogs
  9 dream sheep
  A shadow (D:11)
  A jumping spider (Gauntlet)
  Sigmund (D:2)
  2 wyverns
  6 slime creatures (D:12)
  38 yaks
  5 fire bats (Gauntlet)
  Eustachio (D:6)
  2 basilisks (Lair:4)
  Grum (D:11)
  2 steam dragons
  4 vampire mosquitoes (D:11)
  6 nagas (Lair:2)
  An acid dragon (D:11)
  6 hell hounds
  16 water moccasins
  2 orc warriors
  An ice beast (D:7)
  2 black bears
  5 ogres
  2 lemures (D:6)
  4 centaurs
  15 wolves
  2 phantoms
  Blork the orc (D:6)
  10 bullfrogs
  4 gnoll sergeants
  6 kobold brigands
  11 wights
  3 electric eels
  5 howler monkeys
  7 crimson imps (D:9)
  2 orc priests
  5 hounds
  A jelly (D:7)
  4 iguanas
  16 orc wizards
  A hell rat (Lair:5)
  15 adders
  12 gnolls
  5 white imps
  3 ufetubi
  A worm (D:4)
  A dart slug (D:3)
  38 orcs
  5 ball pythons
  8 endoplasms
  3 giant cockroaches
  5 goblins
  10 hobgoblins
  3 jackals
  16 kobolds
  6 quokkas
  3 bats
  A frilled lizard (D:2)
  9 rats
  A butterfly (Lair:1)
447 creatures vanquished.

Vanquished Creatures (collateral kills)
  Amaemon (Lair:1)
  2 orange demons
  2 yaks (Lair:2)
  An acid dragon (D:8)
  A bullfrog (Lair:1)
7 creatures vanquished.

Vanquished Creatures (others)
  Sonja (Lair:2)
  A sixfirhy (Lair:5)
  A molten gargoyle (Gauntlet)
  10 fungi
  2 lurking horrors (D:3)
  27 plants
42 creatures vanquished.

Grand Total: 496 creatures vanquished

Notes
Turn   | Place    | Note
-------+----------+-------------------------------------------
     0 | D:1      | DEFE the Demonspawn Wanderer began the quest for the Orb.
     0 | D:1      | DEFE set off with the following items: a +0 dagger, a
                  | scroll of vulnerability, a potion of berserk rage, a +0
                  | chain mail; and the following spell memorised: Beastly
                  | Appendage; and the following spells available to memorise:
                  | Ignite Poison.
     0 | D:1      | Reached XP level 1. HP: 13/13 MP: 2/2
    76 | D:1      | Reached skill level 1 in Fighting
   124 | D:1      | Found Jirouwudgh's Armour Boutique.
   231 | D:1      | Gained mutation: You regenerate magic rapidly. [demonic
                  | ancestry]
   231 | D:1      | Reached XP level 2. HP: 9/21 MP: 3/3
   434 | D:1      | Reached skill level 1 in Axes
   796 | D:1      | Found Qidghoy's Jewellery Shoppe.
   921 | D:1      | Gained mutation: Your touch may inflict minor irresistible
                  | damage on your foes. [demonic ancestry]
   921 | D:1      | Reached XP level 3. HP: 23/26 MP: 1/4
  1344 | D:2      | Found a burning altar of Makhleb.
  1377 | D:2      | Found Ytunetz's Weapon Emporium.
  1385 | D:2      | Reached skill level 1 in Unarmed Combat
  1475 | D:2      | Noticed Sigmund
  1493 | D:2      | Killed Sigmund
  1494 | D:2      | Reached skill level 4 in Unarmed Combat
  1494 | D:2      | Gained mutation: You are partially covered in icy blue
                  | scales. (AC +2) [demonic ancestry]
  1494 | D:2      | Reached XP level 4. HP: 29/32 MP: 1/5
  1494 | D:2      | Reached XP level 5. HP: 34/37 MP: 2/6
  1850 | D:3      | Found an opulent altar of Gozag.
  1859 | D:3      | Found an iron altar of Okawaru.
  1859 | D:3      | Found a sparkling altar of Nemelex Xobeh.
  1870 | D:3      | DEFE: !rng jiyva gozag
  1870 | D:3      | beem: The RNG chooses: gozag.
  1870 | D:3      | Became a worshipper of Gozag Ym Sagoz the Greedy
  2050 | D:3      | Found a corrupted altar of Lugonu.
  2051 | D:3      | Found a one-way gate to the infinite horrors of the Abyss.
  2428 | D:3      | Found a hide-covered altar of Uskayaw.
  3090 | D:4      | Gained mutation: You regenerate a little health from kills.
                  | [demonic ancestry]
  3090 | D:4      | Reached XP level 6. HP: 36/43 MP: 2/7
  3514 | D:5      | Entered Level 5 of the Dungeon
  3552 | D:5      | Reached skill level 5 in Unarmed Combat
  3730 | D:5      | Reached skill level 6 in Unarmed Combat
  3730 | D:5      | Gained mutation: You regenerate health from kills. [demonic
                  | ancestry]
  3730 | D:5      | Reached XP level 7. HP: 26/48 MP: 8/8
  4189 | D:5      | Reached skill level 7 in Unarmed Combat
  4561 | D:6      | Noticed Eustachio
  4579 | D:6      | Killed Eustachio
  4621 | D:6      | Reached XP level 8. HP: 52/54 MP: 9/9
  4631 | D:6      | Reached skill level 8 in Unarmed Combat
  4830 | D:6      | Noticed Blork the orc
  4838 | D:6      | Killed Blork the orc
  4919 | D:6      | Found a staircase to the Ecumenical Temple.
  5005 | D:6      | Reached skill level 9 in Unarmed Combat
  5264 | D:6      | Noticed Maggie
  5264 | D:6      | Noticed Pikel
  5290 | D:6      | Killed Maggie
  5291 | D:6      | Reached skill level 10 in Unarmed Combat
  5295 | D:6      | Killed Pikel
  5296 | D:6      | Gained mutation: You are mostly covered in icy blue scales.
                  | (AC +3) [demonic ancestry]
  5296 | D:6      | Reached XP level 9. HP: 59/59 MP: 10/10
  5897 | D:7      | Reached skill level 11 in Unarmed Combat
  6032 | D:7      | Found a basalt altar of Yredelemnul.
  6272 | D:7      | Found a snail-covered altar of Cheibriados.
  6325 | D:7      | Found a runed translucent door.
  6326 | D:7      | Noticed Crazy Yiuf
  6441 | D:8      | Reached skill level 5 in Armour
  6669 | D:8      | Noticed a deep elf pyromancer
  6681 | D:8      | Killed a deep elf pyromancer
  6951 | D:8      | Gained mutation: Your touch may inflict irresistible damage
                  | on your foes. [demonic ancestry]
  6951 | D:8      | Reached XP level 10. HP: 57/65 MP: 11/11
  7290 | D:8      | Reached skill level 12 in Unarmed Combat
  7631 | D:9      | Noticed a two-headed ogre
  7636 | D:9      | Killed a two-headed ogre
  7875 | D:9      | Found a staircase to the Lair.
  7937 | D:9      | Found a runed translucent gate.
  7937 | D:9      | Found a runed translucent gate.
  7942 | D:9      | Noticed Zigma's ghost (journeyman OpSu)
  7973 | D:9      | Found a runed translucent door.
  7979 | D:9      | Noticed an eight-headed hydra
  8094 | D:9      | Reached skill level 1 in Evocations
  8112 | D:9      | Found a runed translucent gate.
  8123 | D:9      | Found a shimmering blue altar of Sif Muna.
  8560 | D:10     | Entered Level 10 of the Dungeon
  8578 | D:10     | Noticed a two-headed ogre
  8586 | D:10     | Killed a two-headed ogre
  8587 | D:10     | Found Xohoenur's Overcharged Wands.
  8660 | D:10     | Noticed a two-headed ogre
  8665 | D:10     | Killed a two-headed ogre
  8695 | D:10     | Reached XP level 11. HP: 64/71 MP: 12/12
  8709 | D:10     | Reached skill level 13 in Unarmed Combat
  8839 | D:10     | Found a portal to a secret trove of treasure.
  8894 | D:10     | Noticed Erolcha
  8899 | D:10     | Killed Erolcha
  9339 | D:11     | Noticed a boulder beetle
  9351 | D:11     | Noticed Grum
  9365 | D:11     | Killed Grum
  9369 | D:11     | Killed a boulder beetle
  9403 | D:11     | Reached skill level 5 in Evocations
  9772 | D:11     | Found a staircase to the Orcish Mines.
 10145 | Lair:1   | Entered Level 1 of the Lair of Beasts
 10239 | Lair:1   | Noticed Amaemon
 10472 | Lair:1   | Killed Amaemon
 10598 | Lair:1   | Identified the +0 sling "Hellblazer" {heavy, rC+ MP-9
                  | Int+6}
 11132 | Lair:1   | Found a hide-covered altar of Uskayaw.
 11132 | Lair:1   | Found an ornate altar of the Wu Jian Council.
 11132 | Lair:1   | Noticed a boulder beetle
 11153 | Lair:1   | Killed a boulder beetle
 11685 | Lair:2   | Noticed Gastronok
 11715 | Lair:2   | Found a staircase to the Snake Pit.
 11849 | Lair:2   | Noticed a seven-headed hydra
 11854 | Lair:2   | Killed a seven-headed hydra
 11855 | Lair:2   | Reached XP level 12. HP: 54/81 MP: 13/13
 12025 | Lair:2   | Noticed a death yak
 12038 | Lair:2   | Killed a death yak
 12128 | Lair:2   | Noticed a death yak
 12144 | Lair:2   | Killed a death yak
 12145 | Lair:2   | Reached skill level 10 in Armour
 12145 | Lair:2   | Reached skill level 14 in Unarmed Combat
 12338 | Lair:2   | Noticed Sonja
 12359 | Lair:2   | Reached skill level 1 in Dodging
 12376 | Lair:2   | Killed Sonja
 12670 | Lair:2   | Noticed an eight-headed hydra
 12679 | Lair:2   | Killed an eight-headed hydra
 12811 | Lair:2   | Killed Gastronok
 12812 | Lair:2   | Reached skill level 5 in Fighting
 13221 | Lair:3   | Found a staircase to the Swamp.
 14139 | Lair:4   | Gained mutation: When hurt, damage is shared between your
                  | health and your magic reserves. [demonic ancestry]
 14139 | Lair:4   | Reached XP level 13. HP: 93/93 MP: 14/14
 14475 | Lair:4   | HP: 2/95 [death yak (16)]
 15747 | Lair:5   | Entered Level 5 of the Lair of Beasts
 15765 | Lair:5   | Reached skill level 5 in Dodging
 15784 | Lair:5   | Reached skill level 15 in Unarmed Combat
 16012 | Lair:5   | Reached skill level 10 in Evocations
 16441 | Lair:5   | Gained mutation: Your touch may irresistibly damage your
                  | foes and sap their willpower. [demonic ancestry]
 16441 | Lair:5   | Reached XP level 14. HP: 55/106 MP: 7/15
 16861 | Lair:5   | Found a burning altar of Makhleb.
 17404 | Lair:5   | Found a gateway to Hell.
 17750 | D:12     | Found a gate leading to a gauntlet.
 17769 | Gauntlet | Entered a Gauntlet
 17769 | Gauntlet | Found a transporter.
 17834 | Gauntlet | Found a transporter.
 17836 | Gauntlet | Found a transporter.
 17837 | Gauntlet | Found a transporter.
 17848 | Gauntlet | Found a transporter.
 17849 | Gauntlet | Found a transporter.
 17853 | Gauntlet | Found a transporter.
 17860 | Gauntlet | Found a transporter.
 17860 | Gauntlet | Found a transporter.
 17861 | Gauntlet | Found a transporter.
 17869 | Gauntlet | Found a transporter.
 17872 | Gauntlet | Found a transporter.
 17873 | Gauntlet | Found a transporter.
 17884 | Gauntlet | Found a transporter.
 17970 | Gauntlet | Found a transporter.
 17971 | Gauntlet | Found a transporter.
 17982 | Gauntlet | Found a transporter.
 17983 | Gauntlet | Found a transporter.
 17987 | Gauntlet | Found a transporter.
 17994 | Gauntlet | Found a transporter.
 17994 | Gauntlet | Found a transporter.
 17995 | Gauntlet | Found a transporter.
 18003 | Gauntlet | Found a transporter.
 18006 | Gauntlet | Found a transporter.
 18007 | Gauntlet | Found a transporter.
 18018 | Gauntlet | Found a transporter.
 18414 | Gauntlet | Got the Papyrus of Destructive Correspondence
 18471 | Gauntlet | Identified the +1 pair of boots of Noon {rN+}
 18559 | Gauntlet | Identified the +7 plate armour of Depression {-Tele rF+
                  | rN++ Stlth+}
 19269 | D:12     | Annihilated by an enormous slime creature

Illustrated notes

Levels and vault maps discovered:
D:1:      dpeg_arrival_rhombi, layout_loops_ring, serial_shops, shop, shop,
          minmay_tree_intersection, roderic_cross_of_infinity,
          chequers_serial_rivers_marsh
D:2:      layout_loops_ring, serial_shops, nicolae_shop_bloodbath_and_beyond,
          basic_altar, minmay_surrounded, uniq_sigmund
D:3:      layout_basic, chequers_temple_overflow_statue_of_worship,
          nicolae_uskayaw_murder_on_the_dancefloor,
          amcnicky_altar_lugonu_corruption
D:4:      layout_loops_cross
D:5:      layout_basic, lemuel_tele_altar, sigmund_army
D:6:      layout_basic, elyvilon_altar_5, minmay_temple_entry_drinking_statues,
          serial_bayou_pond_e, uniq_blork_the_orc, uniq_maggie, uniq_pikel,
          uniq_eustachio
D:7:      layout_cave_pools, nicolae_overflow_crystal_walls,
          general_overflow_altar, uniq_crazy_yiuf_cottage
D:8:      layout_loops_corners, enter_bailey_8, minmay_small_thing
D:9:      layout_roguey, mainiacjoe_overflow_paths, erik_lair_island,
          gammafunk_ghost_nasty_kobolds, minmay_st_funbox, minmay_nine_imps
D:10:     layout_loops_ring, nicolae_trove_entry_free_sample,
          nicolae_shop_overcharged_wands, uniq_erolcha
D:11:     layout_cave_pools, kennysheep_orc_monster_closet_entryway, uniq_grum
D:12:     layout_irregular_city, gauntlet_entry_generic, serial_shops,
          nicolae_shop_behind_doors
Lair:1:   layout_hall_layers, serial_bayou_ford_a,
          chequers_serial_rivers_micro_e, minmay_hedge_maze,
          nzn_masters_of_martial_movement, lemuel_fruit_fields, uniq_amaemon
Lair:2:   layout_hall_layers, minmay_snake_entry_guardpost_medium,
          grunt_megastairs_5, uniq_sonja, uniq_gastronok
Lair:3:   layout_regular_city, skrybe_swamp_entry_bodies, evilmike_ambush
          [evilmike_ambush_outer_basic, evilmike_ambush_inner_basic],
          serial_bayou_shore_a, lemuel_fruit_tree
Lair:4:   layout_layer_cave, cheibrodos_lair_reptile_den, lemuel_fruit_fields,
          infiniplex_staircase_pool_2
Lair:5:   evil_forest, layout_long_grid, minmay_slime_entry_oklob_enclosed

Skill      XL: |  1  2  3  4  5  6  7  8  9 10 11 12 13 14 |
---------------+-------------------------------------------+-----
Fighting       | 1 3 6 8 9 |  9.4
Axes           | 1 |  1.8
Unarmed Combat | 4 6 7 10 11 12 13 14 15 | 15.7
Armour         | 6 8 9 10 | 10.0
Evocations     | 3 6 8 10 11 | 11.0
Dodging        | 3 6 7 |  7.4
Throwing       | |  1.0
Stealth        | |  1.0
Spellcasting   | |  1.0
Transmutations | |  2.6

Action                     |  1- 3 |  4- 6 |  7- 9 | 10-12 | 13-15 || total
---------------------------+-------+-------+-------+-------+-------++-------
  Melee: Dagger            |    85 |       |       |       |       ||    85
         Short sword       |    84 |    79 |       |       |       ||   163
         Punch             |     1 |     2 |     7 |    50 |    45 ||   105
         Touch             |     8 |    26 |    53 |   133 |   117 ||   337
         Unarmed           |       |    56 |   270 |   617 |   518 ||  1461
         Kick              |       |       |       |     5 |       ||     5
         Headbutt          |       |       |       |     4 |       ||     4
  Throw: Throwing net      |       |       |       |       |     1 ||     1
   Cast: Beastly Appendage |       |       |       |     1 |     3 ||     4
 Invoke: Potion Petition   |       |       |       |       |     1 ||     1
  Evoke: Wand              |       |       |       |    25 |     1 ||    26
         Condenser vane    |       |       |       |     1 |     3 ||     4
    Use: Scroll            |     1 |     7 |     6 |     3 |     3 ||    20
         Potion            |       |     1 |     1 |     3 |     2 ||     7
   Stab: Distracted        |       |       |       |     3 |     2 ||     5
         Held in net/web   |       |       |       |       |     1 ||     1
 Armour: Chain mail        |   107 |    67 |       |       |       ||   174
         Plate armour      |       |    17 |    85 |       |       ||   102
         Swamp dragon scal |       |       |    42 |   302 |   244 ||   588
  Dodge: Dodged            |    36 |    37 |    87 |   275 |   241 ||   676
  Block: Other             |       |       |       |    81 |    83 ||   164

Table legend: (Time is in decaauts)
 A = Elapsed time spent in this place.
 B = Non-inter-level travel time spent in this place.
 C = Inter-level travel time spent in this place.
 D = Time resting spent in this place.
 E = Time spent auto-exploring this place.
 F = Levels seen in this place.
 G = Mean time per level.
                   A        B        C        D        E       F      G
               +--------+--------+--------+--------+--------+-----+--------+
         Total |  19029 |  18291 |    738 |   3042 |  11867 |  18 | 1057.2 |
       Dungeon |  11112 |  10621 |    491 |   1528 |   7053 |  12 |  926.0 |
          Lair |   7103 |   6857 |    246 |   1463 |   4245 |   5 | 1420.6 |
      Gauntlet |    813 |    813 |      0 |     51 |    568 |   1 |  813.0 |
               +--------+--------+--------+--------+--------+-----+--------+

Top non-repeatable levels by time:
  Lair:5: 1753 daAuts
  Lair:4: 1662 daAuts
  Lair:2: 1306 daAuts
  Lair:1: 1302 daAuts
     D:8: 1252 daAuts
     D:9: 1246 daAuts
     D:1: 1220 daAuts
     D:6: 1185 daAuts
  Lair:3: 1078 daAuts
     D:5: 1025 daAuts
     D:3: 943 daAuts
Gauntlet: 813 daAuts
    D:10: 788 daAuts
    D:11: 781 daAuts
     D:4: 725 daAuts
